Map: [ESL] Moondance

Players

Lambo - Winner!

  • Race: Zerg Zerg
  • League: Grandmaster
  • Spawn Location: 12:00

ShoWTimE

  • Race: Protoss Protoss
  • League: Master
  • Spawn Location: 6:00

Event: TSL 9

VOD

Have the link to the VOD?

Description

Time

  • Played on: Sept. 3, 2022, 7:58 a.m.
  • Length: 15:47

All games in this series

Show
View Real Time Build Order
Export as new Build Order

Lambo Zerg - Winner!

Build Orders: Hatch First 

Get SALT Encoding   

  12  0:00  Drone  
  13  0:12  Overlord  
  13  0:17  Drone  
  14  0:31  Drone x2  
  16  0:42  Drone  
  17  0:51  Hatchery  
  17  0:55  Drone  
  17  0:58  Drone  
  18  1:09  Extractor  
  17  1:14  Spawning Pool  
  17  1:15  Drone  
  17  1:19  Drone  
  18  1:27  Drone  
  19  1:38  Drone  
  20  1:50  Overlord  
  20  2:00  Queen  
  22  2:03  Queen, Drone  
  22  2:04  Zergling x2  
  26  2:08  Metabolic Boost  
  26  2:10  Zergling x2  
  26  2:14  Drone  
  28  2:21  Drone  
  29  2:26  Drone  
  30  2:35  Hatchery  
  29  2:37  Drone  
  30  2:45  Overlord  
  30  2:46  Drone x2  
  32  2:51  Queen  
  32  2:58  Spore Crawler  
  33  3:02  Queen  
  33  3:03  Drone  
  33  3:05  Drone  
  38  3:11  Zergling x4, Overlord  
  40  3:14  Drone  
  40  3:17  Drone  
  40  3:18  Drone  
  43  3:22  Zergling x2  
  44  3:27  Evolution Chamber  
  44  3:34  Drone x2  
  44  3:35  Drone x2  
  44  3:40  Queen, Drone x2  
  51  3:47  Queen  
  51  3:48  Spore Crawler  
  52  3:54  Drone x2  
  52  3:55  Drone x2  
  56  3:58  Evolution Chamber  
  56  3:59  Drone  
  56  4:05  Drone x2  
  56  4:08  Overlord  
  58  4:10  Overlord  
  58  4:11  Spore Crawler  
  54  4:21  Drone x4  
  54  4:22  Drone  
  58  4:27  Drone x3  
  58  4:30  Drone  
  62  4:33  Zerg Melee Weapons Level 1  
  62  4:34  Drone  
  62  4:35  Drone  
  62  4:38  Drone x2  
  66  4:44  Drone x4  
  70  4:47  Baneling Nest  
  70  4:50  Drone  
  67  4:53  Overlord  
  67  4:56  Drone  
  67  4:57  Extractor  
  67  5:00  Overlord  
  67  5:01  Drone x3  
  67  5:02  Drone  
  71  5:11  Overlord x2  
  71  5:17  Hatchery  
  71  5:18  Lair  
  70  5:21  Drone x3  
  70  5:23  Drone  
  70  5:24  Drone  
  70  5:26  Drone  
  70  5:27  Drone  
  70  5:28  Drone  
  78  5:33  Queen  
  78  5:35  Drone x3  
  83  5:37  Extractor x2  
  83  5:39  Spore Crawler, Drone  
  81  5:45  Zergling x10  
  81  5:47  Drone x2  
  88  5:51  Drone x2  
  89  5:58  Drone x2  
  89  5:59  Drone x4  
  89  6:02  Zergling x4  
  97  6:04  Extractor  
  97  6:06  Overlord  
  97  6:07  Overlord  
  97  6:09  Overlord  
  97  6:11  Overlord  
  96  6:12  Overlord  
  96  6:15  Overlord  
  96  6:16  Overlord  
  96  6:21  Hydralisk Den  
  96  6:23  Zergling x6  
  96  6:24  Drone  
  95  6:30  Drone  
  95  6:31  Drone x3  
  99  6:33  Drone  
  99  6:34  Zergling x4  
  99  6:37  Hatchery  
  99  6:38  Zergling x8  
  105  6:43  Zergling x4  
  105  6:45  Zerg Melee Weapons Level 2  
  107  6:49  Zergling x6  
  107  6:53  Zergling x8  
  114  6:55  Muscular Augments, Drone x3  
  117  7:02  Drone x2  
  117  7:06  Zergling x16  
  127  7:11  Hydralisk x2  
  127  7:15  Hydralisk  
  130  7:18  Centrifugal Hooks  
  130  7:20  Overlord x2  
  132  7:23  Hydralisk  
  132  7:24  Hydralisk x3, Spine Crawler  
  132  7:27  Hydralisk x2  
  132  7:28  Zergling x2  
  144  7:31  Baneling x4  
  144  7:32  Baneling x2  
  144  7:37  Hydralisk x4  
  144  7:42  Zergling x12  
  144  7:43  Baneling x2  
  157  7:46  Zergling x6  
  156  7:51  Zergling x10  
  156  7:54  Hydralisk  
  156  7:57  Hydralisk  
  155  8:01  Zergling x10, Baneling x8  
  155  8:02  Zergling x2  
  155  8:05  Zergling x6  
  164  8:08  Zergling x4  
  166  8:14  Zergling x12  
  170  8:20  Zergling x8  
  170  8:23  Zergling x4  
  170  8:27  Zergling x8  
  170  8:32  Zergling x12  
  170  8:33  Grooved Spines  
  178  8:35  Zergling x2  
  178  8:40  Zergling x4  
  180  8:44  Zergling x4  
  180  8:47  Baneling x16  
  179  8:49  Zergling x4  
  174  8:58  Zergling x20  
  166  9:03  Hydralisk x4, Drone  
  166  9:06  Zergling x2  
  154  9:11  Hydralisk x2  
  154  9:16  Hydralisk  
  154  9:17  Hydralisk x5  
  140  9:20  Zergling x2  
  140  9:21  Zergling x4  
  140  9:22  Zergling x2  
  136  9:25  Zergling x2  
  136  9:26  Zergling x12  
  136  9:27  Baneling x4  
  136  9:30  Zergling x6  
  146  9:35  Zergling x4  
  146  9:37  Hydralisk x2  
  146  9:39  Zergling x2  
  146  9:44  Zergling x2  
  140  9:48  Zergling x12  
  140  9:50  Zerg Missile Weapons Level 1  
  140  9:52  Zergling x2  
  146  9:55  Baneling x5  
  145  10:00  Zergling x2, Baneling x4  
  145  10:01  Zergling x20  
  145  10:06  Hydralisk x2  
  155  10:09  Queen  
  155  10:11  Zergling x6  
  155  10:12  Baneling  
  155  10:13  Baneling x4  
  159  10:15  Zergling x4  
  159  10:20  Zergling x10  
  161  10:22  Zergling x14  
  166  10:29  Zergling x8  
  166  10:32  Zergling x2  
  166  10:33  Zergling x4  
  166  10:34  Baneling x11  
  166  10:35  Zergling x2  
  168  10:40  Zergling x2  
  168  10:41  Baneling x4  
  169  10:44  Zergling x12  
  169  10:46  Baneling x3  
  169  10:48  Zergling x2  
  172  10:50  Zergling x10  
  172  10:53  Baneling x4  
  172  10:54  Zergling x10  
  181  10:57  Overlord  
  180  11:04  Zergling x4  
  180  11:11  Zergling x12  
  178  11:12  Hydralisk  
  178  11:15  Hydralisk  
  169  11:18  Zergling x2  
  169  11:22  Zergling x14  
  176  11:29  Zergling x14  
  178  11:33  Zergling x2  
  178  11:34  Baneling x11  
  178  11:35  Zergling x4  
  178  11:37  Hatchery  
  176  11:40  Zergling x4  
  176  11:41  Baneling  
  176  11:42  Baneling x10  
  176  11:44  Zergling x2  
  176  11:45  Zergling x2  
  177  11:47  Zergling x2, Baneling x3  
  177  11:49  Zergling x8  
  177  11:50  Baneling  
  163  12:01  Zergling x24  
  163  12:04  Zergling x2  
  163  12:07  Zergling x6  
  177  12:09  Baneling x11  
  177  12:13  Zergling x2  
  177  12:14  Zergling x2  
  175  12:18  Zergling x2, Baneling x4  
  175  12:19  Zergling x14  
  180  12:26  Zergling x10  
  180  12:28  Zergling x2  
  168  12:32  Zergling x10  
  161  12:37  Zerg Missile Weapons Level 2  
  161  12:38  Zergling x4  
  161  12:42  Hydralisk x3  
  155  12:47  Zergling x2, Hydralisk x2  
  155  12:48  Zergling x6  
  156  12:55  Zergling x18  
  145  12:59  Zergling x6  
  145  13:03  Zergling x6  
  145  13:05  Zergling x2  
  137  13:07  Zergling x2  
  137  13:09  Pneumatized Carapace  
  137  13:12  Hydralisk x4  
  132  13:17  Zergling x16  
  138  13:21  Zergling x2  
  138  13:23  Baneling x4  
  138  13:26  Zergling x2  
  138  13:27  Zergling x8  
  144  13:28  Zergling x4  
  144  13:34  Zergling x14  
  151  13:40  Zergling x4  
  154  13:43  Hydralisk x7  
  168  13:50  Zergling x2  
  168  13:55  Zergling x14  
  174  14:02  Zergling x10  
  169  14:07  Hydralisk x4  
  168  14:12  Zergling x10  
  163  14:18  Zergling x8  
  162  14:24  Zergling x8  
  162  14:28  Zergling x10  
  162  14:32  Zergling x2  
  162  14:34  Baneling x7  
  163  14:38  Zergling x10  
  163  14:41  Spine Crawler  
  163  14:43  Zergling x6  
  163  14:44  Zergling x2  
  169  14:51  Zergling x10  
  169  14:52  Zergling x8  
  168  14:57  Zergling x6  
  168  15:04  Zergling x8  
  167  15:07  Baneling x16  
  167  15:08  Baneling x14  
  167  15:09  Drone  
  167  15:11  Baneling x4  
  167  15:12  Zergling x2  
  167  15:13  Zergling x2  
  170  15:16  Zergling x6  
  170  15:21  Zergling x10  
  178  15:26  Baneling x4  
  178  15:27  Zergling x4  
Show
View Real Time Build Order
Export as new Build Order

ShoWTimE Protoss 

Build Orders: 1 Gate Expand, Oracle Opening 

Get SALT Encoding   

  12  0:00  Probe  
  13  0:12  Probe  
  14  0:17  Pylon  
  14  0:24  Probe (Chrono Boost)  
  15  0:36  Probe (Chrono Boost)  
  15  0:38  Gateway  
  16  0:45  Probe (Chrono Boost)  
  16  0:48  Assimilator  
  17  0:51  Probe  
  18  1:03  Probe  
  19  1:15  Probe  
  20  1:25  Nexus  
  20  1:36  Cybernetics Core  
  20  1:39  Probe  
  21  1:44  Assimilator  
  21  1:51  Probe  
  22  1:54  Pylon  
  22  2:03  Probe  
  23  2:09  Adept (Chrono Boost)  
  23  2:15  Probe  
  26  2:18  Stargate  
  26  2:24  Warp Gate  
  26  2:28  Probe (Chrono Boost)  
  27  2:32  Adept  
  29  2:37  Probe (Chrono Boost)  
  31  2:45  Probe (Chrono Boost)  
  31  2:47  Probe (Chrono Boost)  
  32  2:51  Probe (Chrono Boost)  
  32  2:52  Probe (Chrono Boost)  
  34  2:58  Oracle (Chrono Boost)  
  34  3:03  Probe  
  34  3:04  Probe  
  39  3:06  Pylon  
  39  3:15  Probe  
  39  3:16  Probe  
  41  3:25  Oracle (Chrono Boost)  
  41  3:27  Probe  
  41  3:28  Probe  
  46  3:37  Nexus  
  46  3:40  Probe x2  
  48  3:45  Assimilator  
  48  3:47  Assimilator  
  48  3:49  Pylon  
  48  3:52  Probe  
  48  3:53  Probe  
  50  3:55  Oracle (Chrono Boost)  
  53  4:04  Probe  
  53  4:07  Probe  
  55  4:12  Twilight Council  
  55  4:15  Forge  
  55  4:18  Probe  
  55  4:19  Probe  
  54  4:30  Probe  
  54  4:31  Gateway  
  55  4:32  Probe, Gateway  
  55  4:37  Gateway  
  56  4:42  Probe  
  56  4:43  Stalker  
  56  4:44  Probe (Chrono Boost)  
  56  4:45  Protoss Ground Weapons Level 1  
  60  4:46  Blink (Chrono Boost)  
  60  4:53  Probe (Chrono Boost)  
  60  4:54  Probe (Chrono Boost)  
  60  4:56  Probe (Chrono Boost)  
  63  5:03  Probe x2 (Chrono Boost)  
  63  5:04  Probe (Chrono Boost)  
  66  5:08  Probe x2 (Chrono Boost)  
  66  5:09  Sentry  
  66  5:12  Probe  
  71  5:20  Pylon  
  71  5:22  Nexus  
  71  5:25  Probe  
  71  5:26  Pylon  
  71  5:27  Probe  
  71  5:28  Phoenix, Probe  
  74  5:37  Probe  
  74  5:38  Stalker x3  
  74  5:40  Stalker  
  83  5:44  Probe  
  83  5:45  Pylon  
  83  5:47  Probe  
  85  5:51  Shield Battery  
  85  6:00  Probe x3  
  85  6:03  Stalker x2  
  85  6:04  Stalker x2  
  96  6:07  Pylon  
  96  6:10  Gateway  
  96  6:13  Probe  
  96  6:16  Probe  
  96  6:18  Gateway  
  96  6:20  Gateway  
  96  6:24  Charge (Chrono Boost)  
  96  6:26  Gateway, Probe  
  96  6:31  Stalker x2  
  101  6:36  Stalker  
  101  6:37  Stalker  
  101  6:38  Probe  
  106  6:43  Probe, Photon Cannon  
  106  6:45  Probe x2  
  109  6:50  Probe  
  107  6:55  Probe  
  107  6:57  Probe x2  
  107  6:59  Stalker  
  107  7:00  Protoss Ground Weapons Level 2 (Chrono Boost), Stalker x3  
  118  7:02  Probe  
  118  7:04  Pylon  
  119  7:11  Pylon  
  119  7:15  Nexus  
  119  7:18  Pylon  
  119  7:25  Probe  
  119  7:26  Probe x2  
  119  7:27  Zealot x4  
  130  7:32  Zealot x3  
  130  7:35  Photon Cannon  
  136  7:39  Shield Battery  
  136  7:46  Pylon  
  136  7:54  Stalker x7  
  136  7:59  Stalker  
  136  8:02  Shield Battery  
  136  8:03  Probe x4  
  142  8:17  Stalker x6  
  142  8:18  Stalker  
  154  8:25  Stalker  
  156  8:27  Probe  
  156  8:29  Shield Battery  
  157  8:34  Probe x3  
  157  8:35  Probe  
  157  8:38  Photon Cannon  
  157  8:41  Zealot x5  
  171  8:46  Assimilator  
  165  8:49  Assimilator  
  165  8:50  Stalker x3  
  165  8:52  Shield Battery  
  171  8:57  Photon Cannon  
  157  9:05  Zealot x3, Stalker x2  
  146  9:15  Protoss Ground Weapons Level 3 (Chrono Boost), Stalker x3  
  140  9:17  Probe  
  140  9:19  Probe x2  
  140  9:20  Probe x2  
  125  9:26  Shield Battery  
  125  9:28  Shield Battery  
  125  9:29  Probe  
  125  9:30  Stalker  
  128  9:31  Probe x2  
  128  9:32  Probe x2  
  130  9:41  Probe  
  130  9:43  Zealot x4  
  130  9:44  Zealot x3  
  135  9:46  Probe  
  135  9:48  Probe x2  
  135  9:49  Probe  
  139  9:55  Gateway  
  139  9:57  Gateway  
  139  10:04  Stalker x5  
  141  10:11  Stalker x3  
  147  10:21  Shield Battery, Pylon  
  145  10:22  Shield Battery  
  141  10:32  Stalker x2  
  141  10:33  Stalker x3  
  141  10:40  Stalker x3  
  147  10:51  Stalker  
  147  10:52  Stalker  
  147  10:55  Shield Battery  
  147  10:57  Pylon  
  151  10:58  Stalker x2  
  151  10:59  Stalker x3  
  161  11:11  Probe x2  
  140  11:14  Stalker x5  
  140  11:17  Probe x2  
  144  11:19  Probe  
  144  11:23  Probe x2  
  144  11:24  Stalker x3  
  144  11:25  Stalker  
  155  11:29  Probe x2  
  155  11:31  Probe  
  155  11:32  Stalker  
  160  11:35  Shield Battery, Probe x2  
  160  11:38  Shield Battery  
  162  11:41  Zealot x4, Probe x2  
  162  11:43  Probe  
  173  11:47  Probe x2  
  173  11:51  Stalker x2  
  179  11:55  Pylon  
  179  11:58  Zealot x4  
  169  12:05  Pylon  
  169  12:07  Nexus  
  167  12:11  Zealot x2, Protoss Shields Level 1 (Chrono Boost)  
  167  12:14  Pylon  
  171  12:16  Pylon  
  171  12:19  Zealot x4  
  179  12:23  Photon Cannon  
  179  12:24  Shield Battery  
  179  12:28  Stalker x3  
  143  12:37  Shield Battery x2  
  133  12:45  Stalker x6  
  133  12:51  Zealot x2  
  143  12:54  Stalker x2  
  104  13:05  Probe x2  
  104  13:06  Probe  
  104  13:08  Probe  
  105  13:15  Probe  
  105  13:16  Pylon  
  105  13:18  Shield Battery, Probe x3  
  109  13:22  Stalker x4  
  109  13:23  Probe  
  119  13:27  Probe  
  119  13:30  Zealot, Probe x2  
  119  13:31  Zealot  
  125  13:38  Stalker x3  
  131  13:46  Zealot x3  
  133  13:58  Stalker x4  
  123  14:05  Zealot x3  
  123  14:09  Probe x3  
  118  14:10  Probe x2  
  118  14:11  Probe  
  118  14:15  Stalker  
  123  14:22  Templar Archives, Stalker  
  123  14:28  Probe  
  123  14:29  Shield Battery  
  118  14:32  Sentry x2  
  118  14:33  Shield Battery, Sentry x3  
  118  14:34  Probe  
  118  14:36  Probe  
  126  14:43  Stalker x2  
  130  14:58  Stalker x4  
  138  15:05  Probe x3  
  129  15:09  Zealot x3  
  135  15:18  High Templar x3  
  141  15:21  High Templar  
  141  15:24  Archon  
  141  15:25  Archon  
  143  15:30  Shield Battery  
  143  15:32  Pylon  
  143  15:33  Pylon  
  139  15:40  Zealot x5  
Tags
 
Add a new tag
Caveats
  • Supply blocks, unpowered buildings, or Contaminate may cause inaccurate times.
  • Supply counts are checked every 10 seconds.